 Dungeon Crawl Stone Soup version 0.26-b1-45-g23770d1d51 (webtiles) character file.

Game seed: 6703558251790944075

11466 teolandon225 the Unseen (level 11, -3/47 HPs)
             Began as a Spriggan Enchanter on Jan 6, 2021.
             Was a Priest of Dithmenos.
             Shot with a bolt by an orc knight (20 damage)
             ... on level 10 of the Dungeon on Jan 7, 2021.
             The game lasted 01:09:49 (18553 turns).

teolandon225 the Unseen (Spriggan Enchanter)       Turns: 18553, Time: 01:09:50

Health: -3/47      AC:  5    Str:  4    XL:     11   Next: 49%
Magic:  14/16      EV: 27    Int: 26    God:    Dithmenos [***...]
Gold:   637        SH:  0    Dex: 17    Spells: 3/15 levels left

rFire    + . .     SeeInvis +   D - +0 dagger (drain)
rCold    + . .     Faith    .   (shield restricted)
rNeg     . . .     Spirit   .   f - +2 robe {rF+}
rPois    .         Reflect  .   i - +1 hat
rElec    .         Harm     .   x - scarf {+Inv}
rCorr    .         Rampage  .   (gloves unavailable)
Will     +....                  (boots unavailable)
Stlth    +++++++++.             u - amulet of magic regeneration
HPRegen  0.15/turn              d - +6 ring of intelligence
MPRegen  0.40/turn              A - ring of protection from cold

@: wreathed by umbra, very quick
A: very small, unfitting armour, see invisible, speed 3
a: Renounce Religion, Evoke Invisibility, Shadow Step


You were on level 10 of the Dungeon.
You worshipped Dithmenos.
Dithmenos was most pleased with you.
You visited 2 branches of the dungeon, and saw 11 of its levels.
You also visited: Bailey.

You collected 637 gold pieces.

Inventory:

Hand Weapons
 a - a +2 dagger
 D - a +0 dagger of draining (weapon)
Missiles
 E - a throwing net
Armour
 f - a +2 robe of fire resistance (worn)
 i - a +1 hat (worn)
 x - a scarf of invisibility (worn)
Jewellery
 d - a +6 ring of intelligence (left hand)
 e - an uncursed ring of ice
 q - an uncursed ring of stealth
 r - an uncursed amulet of guardian spirit
 s - a +4 ring of protection
 u - an amulet of magic regeneration (around neck)
 A - a ring of protection from cold (right hand)
 F - an uncursed ring of fire
Wands
 l - a wand of digging (10)
 G - a wand of flame (8)
Scrolls
 c - 8 scrolls of remove curse
 g - 2 scrolls of enchant armour
 h - 9 scrolls of identify
 w - a scroll of magic mapping
 y - a scroll of enchant weapon
 z - a scroll of teleportation
 C - a scroll of blinking
Potions
 b - 4 potions of curing
 j - a potion of mutation
 k - 3 potions of berserk rage
 m - 4 potions of haste
 n - 2 potions of cancellation
 o - 6 potions of flight
 p - a potion of heal wounds
 t - a potion of experience {unknown}
 v - a potion of invisibility {unknown}
 B - a potion of resistance {unknown}


   Skills:
 - Level 4.3 Short Blades
 + Level 11.2 Dodging
 + Level 15.7 Stealth
 - Level 2.6 Spellcasting
 + Level 12.2 Hexes
 * Level 7.3 Translocations
 + Level 5.0 Invocations


You had 3 spell levels left.
You knew the following spells:

 Your Spells              Type           Power        Failure   Level
a - Apportation           Tloc           82%          1%          1
e - Tukima's Dance        Hex            61%          1%          3
q - Ensorcelled Hibernat  Hex/Ice        70%          1%          2
r - Dazzling Flash        Conj/Hex       70%          2%          3
w - Confusing Touch       Hex            61%          1%          3

Your spell library contained the following spells:

 Spells                   Type           Power        Failure   Level
 Corona                   Hex            67%          1%          1
 Blink                    Tloc           N/A          1%          2
 Slow                     Hex            61%          1%          2
 Animate Skeleton         Necr           6%           10%         1
 Magic Dart               Conj           12%          10%         1
 Summon Small Mammal      Summ           12%          10%         1
 Call Imp                 Summ           3%           14%         2
 Conjure Flame            Conj/Fire      3%           28%         3
 Mephitic Cloud           Conj/Pois/Air  3%           28%         3


Dungeon Overview and Level Annotations

Branches:
Dungeon (10/15)            Temple (1/1) D:5            Lair (0/6) D:9
    Orc (0/2) D:10         Bailey (visited)

Altars:
Ashenzari
Cheibriados
Dithmenos
Elyvilon
Fedhas
Gozag
Hepliaklqana
Kikubaaqudgha
Makhleb
Nemelex Xobeh
Okawaru
Qazlal
Ru
Sif Muna
Trog
Uskayaw
Vehumet
Wu Jian
Xom
Yredelemnul
Zin
The Shining One
Beogh

Shops:
D:5 *

Annotations:
D:4 exclusion: 2 downstairs
D:8 exclusion: 2 downstairs
D:10 1 exclusion


Innate Abilities, Weirdness & Mutations

You are very small and have problems with some larger weapons.
You are too small for most types of armour.
You have supernaturally acute eyesight. (SInv)
You cover ground extremely quickly.


Message History

The orc knight roars a battlecry!
The orcs go into a battle-frenzy!
You hit the orc but do no damage.
The orc appears confused.
The orc is moderately wounded.
The orc completely misses you.
You hit the orc.
The orc is severely wounded.
You catch the helpless orc completely off-guard!
You stick the orc like a pincushion!!!
You kill the orc!
Dithmenos accepts your kill.
The orc knight unwields a +0 great mace.
The orc knight wields a +0 arbalest.
The orc knight shoots a bolt.
The bolt closely misses you.
The orc warrior hits you from afar with a +0 halberd!!
Ouch! That really hurt!
You emit a cloud of dark smoke.
Items here: ))) [[ †.
The orc knight shoots a bolt.
The bolt hits you!!
You die...

#.#######.# ####### #.#
#)########## .....>. #.#
#)##......(# ....... #.#
#.##.#####.# o.⌠.._. #.#
#.<..# #)# ....... #.#
##########)### ..$..8. #.#
##.........(..###8'8####
#.#
####..)#######.#.#..)......
#.#
#....)).§§@§oo).......#.##.
#.#
#.##..)#######...####......
#.# #.###.## #..........###
#.# #.# #.# ###.########
#.# #.# #.# #.# #.# #.# #.#
#.# ###.###.###.# #.#
..........).# #.#
############# #..


You could see an orc knight.

Vanquished Creatures
  A two-headed ogre (D:9)
  Urug (D:10)
  Pikel (D:6)
  A troll (D:10)
  A merfolk (D:9)
  Grinder (D:5)
  Prince Ribbit (D:7)
  Eustachio (D:4)
  13 yaks
  Sigmund (D:2)
  Grum (D:10)
  Menkaure (D:4)
  A water moccasin (D:9)
  15 orc warriors
  An ice beast (D:5)
  A sky beast (D:5)
  2 phantoms
  A necrophage (D:10)
  3 ogres
  3 wolves (D:10)
  12 centaurs
  3 big kobolds
  Blork the orc (D:6)
  6 bullfrogs
  A scorpion (D:10)
  16 wights
  4 howler monkeys
  A bullfrog zombie (D:5)
  3 jellies
  A quasit (D:10)
  A hound (D:7)
  2 centaur skeletons
  9 orc priests
  5 iguanas
  9 orc wizards
  2 bullfrog skeletons
  Jessica (D:3)
  Natasha (twice) (D:2)
  Ijyb (D:4)
  8 worker ants
  A hound zombie (D:7)
  A howler monkey zombie (D:8)
  4 gnolls (D:8)
  2 howler monkey skeletons
  6 adders
  A shadow imp (D:7)
  2 white imps (D:6)
  4 ufetubi
  2 oozes
  3 adder zombies
  A worm (D:2)
  3 dart slugs
  3 leopard geckos
  81 orcs
  A bat zombie (D:7)
  5 giant cockroaches
  5 goblins
  14 hobgoblins
  13 jackals
  7 quokkas
  11 bats
  8 frilled lizards
  19 kobolds
  2 leopard gecko skeletons (D:6)
  A quokka skeleton (D:6)
  9 rats
348 creatures vanquished.

Vanquished Creatures (collateral kills)
  A wight (D:10)
1 creature vanquished.

Vanquished Creatures (others)
  2 plants (D:9)
2 creatures vanquished.

Grand Total: 351 creatures vanquished

Notes
Turn   | Place    | Note
-------+----------+-------------------------------------------
     0 | D:1      | teolandon225 the Spriggan Enchanter began the quest for the
                  | Orb.
     0 | D:1      | Reached XP level 1. HP: 9/9 MP: 5/5
   257 | D:1      | Reached XP level 2. HP: 13/13 MP: 6/6
   260 | D:1      | Learned a level 2 spell: Ensorcelled Hibernation
   547 | D:1      | Reached skill level 5 in Stealth
   987 | D:1      | Reached XP level 3. HP: 16/16 MP: 5/8
  1959 | D:2      | Reached XP level 4. HP: 19/21 MP: 4/9
  2192 | D:2      | Learned a level 3 spell: Confusing Touch
  2278 | D:2      | Reached skill level 6 in Stealth
  2448 | D:2      | Noticed Sigmund
  2489 | D:2      | HP: 1/21 [Sigmund/magic dart (9)]
  2891 | D:2      | Noticed Natasha
  2942 | D:2      | Killed Natasha
  2943 | D:2      | Reached skill level 5 in Hexes
  3133 | D:2      | Found an ornate altar of the Wu Jian Council.
  3270 | D:3      | Noticed Jessica
  3377 | D:3      | Killed Jessica
  3378 | D:3      | Reached XP level 5. HP: 13/24 MP: 3/10
  3976 | D:2      | Noticed Natasha
  4097 | D:2      | Killed Sigmund
  4098 | D:2      | Reached skill level 7 in Stealth
  4098 | D:2      | Reached XP level 6. HP: 28/28 MP: 8/11
  4307 | D:2      | Found an ornate altar of the Wu Jian Council.
  4639 | D:2      | Killed Natasha
  4640 | D:2      | Reached skill level 5 in Dodging
  4823 | D:3      | Learned a level 3 spell: Tukima's Dance
  5132 | D:3      | Reached skill level 8 in Stealth
  5468 | D:3      | Found an opulent altar of Gozag.
  6428 | D:4      | Noticed Eustachio
  6712 | D:4      | Noticed Ijyb
  6714 | D:4      | Killed Ijyb
  6715 | D:4      | Reached XP level 7. HP: 32/32 MP: 12/12
  7060 | D:4      | Noticed Menkaure
  7081 | D:4      | Killed Menkaure
  7082 | D:4      | Reached skill level 9 in Stealth
  7287 | D:4      | Found a basalt altar of Yredelemnul.
  7698 | D:4      | Killed Eustachio
  7934 | D:4      | Found a basalt altar of Yredelemnul.
  8281 | D:5      | Entered Level 5 of the Dungeon
  8427 | D:5      | Reached skill level 10 in Stealth
  8429 | D:5      | Reached XP level 8. HP: 36/36 MP: 8/13
  8442 | D:5      | Found a sparkling altar of Nemelex Xobeh.
  8914 | D:5      | Noticed Grinder
  9144 | D:5      | Paralysed by Grinder for 5 turns
  9147 | D:5      | HP: 1/36 [Grinder (4)]
  9450 | D:5      | Found Qack's Elemental Accessories.
  9562 | D:5      | Reached skill level 11 in Stealth
  9660 | D:5      | Found a staircase to the Ecumenical Temple.
  9665 | Temple   | Entered the Ecumenical Temple
  9937 | D:5      | Paralysed by Grinder for 2 turns
  9946 | D:5      | Killed Grinder
 10437 | D:6      | Found a shimmering altar of Xom.
 10751 | D:6      | Reached XP level 9. HP: 38/39 MP: 9/14
 10768 | D:6      | Reached skill level 12 in Stealth
 10790 | D:6      | Noticed Pikel
 10872 | D:6      | Noticed Blork the orc
 10915 | D:6      | Killed Blork the orc
 11279 | D:6      | Reached skill level 10 in Hexes
 11529 | D:6      | Killed Pikel
 11530 | D:6      | Reached skill level 13 in Stealth
 11594 | D:6      | Found a glowing golden altar of the Shining One.
 11594 | D:6      | Found a broken altar of Ashenzari.
 11598 | D:6      | Found a sacrificial altar of Ru.
 11722 | D:7      | Noticed Prince Ribbit
 11801 | D:7      | Found a shadowy altar of Dithmenos.
 11827 | D:7      | Became a worshipper of Dithmenos the Shadowed
 12006 | D:7      | Found a flagged portal.
 12096 | Bailey   | Entered a bailey
 12492 | Bailey   | Reached XP level 10. HP: 37/44 MP: 4/15
 12577 | Bailey   | Reached * piety under Dithmenos
 13623 | Bailey   | Reached skill level 14 in Stealth
 13630 | Bailey   | Reached skill level 1 in Invocations
 14326 | D:7      | Killed Prince Ribbit
 14396 | D:7      | Found an ancient bone altar of Kikubaaqudgha.
 14840 | D:8      | Reached ** piety under Dithmenos
 14841 | D:8      | Reached skill level 10 in Dodging
 15118 | D:8      | Found a white marble altar of Elyvilon.
 15671 | D:9      | Noticed a death yak
 15671 | D:9      | Noticed a death yak
 15673 | D:9      | Noticed a death yak
 15673 | D:9      | Noticed a death yak
 15674 | D:9      | Found a staircase to the Lair.
 15676 | D:9      | Noticed a death yak
 15676 | D:9      | Noticed a death yak
 15719 | D:9      | Noticed a death yak
 15737 | D:8      | Learned a level 3 spell: Dazzling Flash
 15739 | D:8      | Learned a level 1 spell: Apportation
 15788 | D:9      | Reached skill level 1 in Translocations
 15803 | D:9      | Reached skill level 15 in Stealth
 15949 | D:9      | Noticed a two-headed ogre
 15975 | D:9      | Killed a two-headed ogre
 16026 | D:9      | Found a glowing golden altar of the Shining One.
 16113 | D:9      | Reached XP level 11. HP: 47/47 MP: 16/16
 16432 | D:8      | AAAAA DEATH YAKS
 16505 | D:10     | Entered Level 10 of the Dungeon
 16505 | D:10     | Found a roughly hewn altar of Beogh.
 16505 | D:10     | Found a staircase to the Orcish Mines.
 16755 | D:10     | Reached skill level 5 in Translocations
 17089 | D:10     | Reached *** piety under Dithmenos
 17186 | D:10     | Noticed Urug
 17198 | D:10     | Killed Urug
 17688 | D:10     | Noticed Grum
 17705 | D:10     | Killed Grum
 17856 | D:10     | Reached skill level 5 in Invocations
 18001 | D:10     | Noticed an orc knight
 18553 | D:10     | Shot with a bolt by an orc knight

Illustrated notes

#########...# #.#.# #.#
##.#.#####.#.# #.#
#.##.........# #.#
##[#.####.#### #.# #..## #.# #.#
#########..# #.# #>#
.....<.....# #.# #.#
..##.###...# #.# #.#
..##.###...# #@# #.#
...........#####.# #.#
.....[...........# #.#
..##[###<..####### #.#
..##....)..###################.#
..######.......................#
..# #..######################
.#######..# ......[...#


Turn 16432 on D:8: AAAAA DEATH YAKS

Levels and vault maps discovered:
D:1:      saegor_arrival_fortress, layout_loops_ring, minmay_crystal_water
D:2:      layout_loops_corners, general_overflow_altar, minmay_octomino_j4,
          uniq_sigmund, uniq_natasha
D:3:      layout_basic, grunt_gozag_statues, uniq_jessica
D:4:      layout_loops_corners, kennysheep_little_box, uniq_menkaure, uniq_ijyb,
          uniq_eustachio
D:5:      layout_cave_pools, nemelex_xobeh_ov_fountains_minmay,
          minmay_temple_entry_statues_pillars, nicolae_elemental_shop,
          chequers_serial_rivers_small_a, uniq_grinder
D:6:      layout_rooms, minitemple, overflow_temple_1_default, uniq_pikel,
          uniq_blork_the_orc
D:7:      layout_loops_ring, lemuel_zombie_altar_kikubaaqudgha,
          grunt_dithmenos_shadows, enter_bailey_6, uniq_prince_ribbit1
D:8:      layout_loops_ring, overflow_temple_1_default, hangedman_decor_push
D:9:      layout_cave_pools, dpeg_lair_monsters, serial_column_ruins,
          column_ruins_temple_hut, column_ruins_circle_medium,
          column_ruins_columns_dead_end, column_ruins_open_small,
          column_ruins_open_medium, column_ruins_grid_1,
          column_ruins_corridor_straight, minivault_11, serial_bayou_pond_a,
          hangedman_fish_farm
D:10:     layout_loops_ring, david_orc_5, uniq_grum, uniq_urug
Temple:   minmay_temple_curvy_loop

Skill      XL: |  1  2  3  4  5  6  7  8  9 10 11 |
---------------+----------------------------------+-----
Hexes          | 4 5 6 8 9 11 12 | 12.2
Stealth        | 5 6 7 8 10 11 13 15 | 15.7
Dodging        | 4 5 6 7 9 10 11 | 11.2
Short Blades   | 4 |  4.3
Invocations    | 4 5 |  5.0
Translocations | 4 7 |  7.3
Spellcasting   | |  2.6

Action                   |  1- 3 |  4- 6 |  7- 9 | 10-12 || total
-------------------------+-------+-------+-------+-------++-------
Melee: Dagger            |   102 |   183 |   391 |   379 ||  1055
 Cast: Corona            |     1 |       |       |       ||     1
       Ensorcelled Hiber |    25 |    68 |   103 |   164 ||   360
       Confusing Touch   |       |     4 |    39 |    25 ||    68
       Tukima's Dance    |       |       |       |     2 ||     2
       Dazzling Flash    |       |       |       |     9 ||     9
  Use: Potion            |       |     4 |       |       ||     4
       Scroll            |       |    10 |     8 |     3 ||    21
 Stab: Sleeping          |    28 |    51 |    68 |   107 ||   254
       Distracted        |     1 |     1 |     2 |     1 ||     5
       Confused          |       |     2 |    35 |    20 ||    57
       Invisible         |       |       |       |     3 ||     3
Armor: Robe              |    15 |    13 |    30 |    18 ||    76
Dodge: Dodged            |    83 |   128 |   301 |   362 ||   874
